Map: Neon Violet Square LE

Players

Farly

  • Race: Terran Terran
  • League: Gold
  • Spawn Location: 11:00

pgnet - Winner!

  • Race: Zerg Zerg
  • League: Gold
  • Spawn Location: 5:00

VOD

Have the link to the VOD?

Description

Time

  • Played on: Jan. 3, 2025, 6:39 p.m.
  • Length: 22:53
Show
View Real Time Build Order
Export as new Build Order

Farly Terran 

Build Orders:  

Get SALT Encoding   

  12  0:00  SCV  
  13  0:12  SCV  
  14  0:23  Supply Depot  
  14  0:26  SCV  
  15  0:41  Refinery  
  15  0:45  SCV  
  15  0:47  Barracks  
  16  0:52  Refinery  
  16  0:57  SCV  
  17  1:09  SCV  
  18  1:29  Barracks  
  18  1:34  Supply Depot  
  18  1:37  Orbital Command  
  18  1:47  Barracks Tech Lab  
  18  2:02  Factory  
  18  2:03  SCV  
  19  2:15  SCV  
  20  2:21  Barracks Reactor  
  20  2:26  Reaper  
  21  2:51  Command Center  
  21  2:53  Factory Tech Lab  
  21  2:56  SCV  
  22  3:00  Marine  
  22  3:01  Marine x2  
  25  3:08  SCV  
  26  3:18  Siege Tank  
  29  3:20  Marine, SCV  
  31  3:29  Supply Depot  
  31  3:50  Marine x3, SCV  
  31  3:53  Supply Depot  
  35  3:56  Siege Tank  
  38  4:04  SCV  
  39  4:11  SCV  
  39  4:12  Marine x2  
  42  4:17  Starport  
  43  4:24  SCV x2  
  44  4:36  SCV x2  
  46  4:41  Marine x3  
  49  4:48  SCV x2  
  51  4:59  Marine, Stimpack, Engineering Bay  
  52  5:03  Supply Depot  
  52  5:15  SCV x2  
  52  5:19  Marine x2  
  56  5:22  Marauder  
  56  5:27  SCV x2  
  60  5:34  Medivac, Siege Tank  
  65  5:37  Marine x2  
  65  5:39  SCV  
  68  5:43  Marine  
  68  5:44  Orbital Command  
  69  5:51  SCV  
  65  6:22  Marine x3  
  65  6:23  Medivac, Siege Tank  
  65  6:25  Terran Infantry Weapons Level 1  
  70  6:33  Supply Depot  
  70  6:37  Supply Depot  
  70  6:39  Combat Shield  
  70  6:48  Marine  
  70  6:55  Marine x2, SCV x2  
  70  6:58  Supply Depot  
  74  7:07  Marine, SCV  
  76  7:12  Marine x2  
  76  7:19  SCV x2  
  66  7:25  Marine  
  53  7:30  Marine x2  
  53  7:31  SCV x2  
  56  7:43  Marine, SCV  
  56  7:44  SCV  
  59  7:47  Missile Turret  
  59  7:48  Marine  
  59  7:49  Missile Turret x2  
  60  7:56  SCV x2  
  60  7:57  Siege Tank  
  65  7:58  Refinery  
  65  7:59  Missile Turret  
  65  8:00  Marine, Refinery  
  65  8:01  Marine, Missile Turret  
  65  8:05  Missile Turret  
  67  8:06  Marine  
  67  8:08  SCV x2  
  70  8:18  Marine  
  71  8:20  SCV x2  
  73  8:30  Marine x2, Siege Tank  
  73  8:32  SCV x2  
  80  8:36  Marine  
  81  8:44  SCV x2  
  81  8:48  Marine x2  
  84  8:54  Marine  
  86  9:02  Siege Tank  
  88  9:06  Marine x2  
  89  9:11  Marine  
  89  9:12  Medivac  
  89  9:15  SCV x2  
  93  9:23  Marine  
  93  9:24  Marine  
  87  9:27  SCV x2  
  87  9:29  Marine  
  81  9:34  Siege Tank  
  84  9:39  SCV x2  
  84  9:41  Marine x2  
  84  9:42  Viking  
  90  9:47  Marine  
  90  9:51  SCV  
  92  9:58  SCV  
  92  9:59  Marine  
  94  10:00  Barracks  
  94  10:13  Command Center  
  94  10:16  Refinery  
  94  10:21  Missile Turret  
  94  10:27  Supply Depot  
  94  10:29  Supply Depot  
  94  10:57  Supply Depot  
  94  10:59  Barracks Reactor  
  94  11:03  Supply Depot  
  94  11:24  Marine x3  
  94  11:25  Siege Tank, SCV x2  
  102  11:27  Supply Depot  
  102  11:30  Supply Depot  
  102  11:35  Refinery  
  102  11:37  SCV x2  
  102  11:38  Orbital Command  
  104  11:40  Marine x2  
  104  11:42  Marine x3  
  109  11:49  SCV x2  
  111  11:57  Marine  
  111  11:58  Marine  
  111  12:00  Marine x2, Factory  
  111  12:01  SCV x2  
  112  12:13  SCV x2  
  108  12:24  Medivac  
  110  12:37  Concussive Shells  
  109  12:54  Medivac  
  109  12:57  Marine  
  109  12:58  Marine x4  
  116  13:23  Marine, SCV x3  
  116  13:24  Medivac, Marine x4  
  126  13:33  Factory Reactor  
  126  13:35  SCV x2  
  126  13:40  Siege Tank  
  131  13:41  Marine x2, Terran Infantry Armor Level 1  
  133  13:50  Marine x2  
  133  13:57  Marine  
  133  13:59  Marine  
  133  14:02  Medivac  
  133  14:06  Supply Depot  
  133  14:28  Marine x3  
  133  14:29  Supply Depot  
  136  14:52  Supply Depot  
  134  15:00  Missile Turret  
  134  15:01  Marine  
  134  15:02  Missile Turret  
  134  15:04  Missile Turret  
  134  15:13  Marine x4  
  138  15:14  SCV x2  
  138  15:16  Supply Depot  
  138  15:17  Widow Mine  
  142  15:33  Command Center  
  142  15:37  Marine x4, Widow Mine, SCV x2  
  142  15:40  Marine  
  142  15:41  Widow Mine  
  142  15:42  Siege Tank  
  136  15:55  Marine x3  
  132  15:59  Widow Mine, Command Center  
  132  16:02  Widow Mine  
  125  16:14  Widow Mine  
  127  16:20  Widow Mine  
  127  16:23  Widow Mine  
  127  16:25  Marine x3  
  118  16:36  Starport  
  116  16:42  Widow Mine  
  116  16:43  Marine x2  
  98  17:52  Supply Depot  
  98  17:55  Supply Depot x2  
  98  17:57  Supply Depot  
  94  18:09  Refinery  
  94  18:10  Refinery  
  85  18:19  Viking  
  23  20:45  SCV  
  9  20:57  SCV  
  9  21:09  SCV  
  8  21:20  Supply Depot  
  8  21:21  SCV  
  9  21:33  SCV  
  10  21:45  Barracks  
  10  21:51  Barracks  
  10  21:57  Refinery  
  10  22:02  SCV  
  11  22:15  SCV  
  12  22:33  Marine  
  14  22:44  Factory  
Show
View Real Time Build Order
Export as new Build Order

pgnet Zerg - Winner!

Build Orders: Hatch First 

Get SALT Encoding   

  12  0:04  Drone  
  13  0:08  Drone  
  14  0:15  Drone, Extractor  
  15  0:23  Overlord  
  15  0:48  Drone  
  16  0:52  Drone  
  16  0:54  Hatchery  
  16  0:56  Drone  
  17  1:01  Drone  
  18  1:16  Drone  
  18  1:17  Spawning Pool  
  18  1:23  Extractor  
  17  1:25  Extractor  
  17  1:26  Drone  
  17  1:35  Drone  
  18  1:55  Drone x2  
  20  2:04  Drone  
  20  2:06  Drone  
  22  2:12  Queen  
  24  2:23  Metabolic Boost  
  24  2:28  Drone x2  
  24  2:29  Drone x2  
  28  2:38  Overlord  
  28  2:44  Overlord  
  28  2:53  Drone, Extractor  
  28  3:00  Lair  
  28  3:15  Hatchery  
  28  3:16  Drone x3  
  28  3:17  Drone x2  
  28  3:19  Drone  
  33  3:20  Extractor  
  32  3:28  Drone x3  
  32  3:29  Drone  
  32  3:32  Overlord  
  36  3:43  Zergling x2  
  37  3:48  Drone  
  38  3:56  Drone x3  
  38  3:57  Drone  
  38  3:58  Zergling x2  
  43  4:07  Spire  
  42  4:12  Zergling x6  
  44  4:18  Zergling x2  
  44  4:23  Queen  
  47  4:29  Drone x3  
  50  4:45  Drone x3  
  53  5:06  Hatchery  
  52  5:08  Hatchery  
  52  5:09  Overlord  
  52  5:10  Overlord x4  
  52  5:11  Extractor  
  52  5:12  Extractor x2  
  48  5:23  Spine Crawler, Mutalisk  
  48  5:24  Spine Crawler x2, Mutalisk  
  48  5:26  Overlord x4  
  49  5:40  Mutalisk  
  49  5:41  Mutalisk x2  
  55  5:43  Mutalisk  
  55  5:44  Mutalisk  
  59  5:56  Zergling x6  
  58  6:01  Mutalisk  
  55  6:22  Mutalisk  
  55  6:23  Mutalisk x7  
  65  6:26  Zergling x4  
  65  6:32  Mutalisk  
  69  6:38  Drone x4  
  74  6:47  Drone x4  
  77  7:06  Drone x6  
  77  7:07  Drone x3  
  84  7:30  Drone x6  
  84  7:31  Drone x3  
  89  7:40  Drone x2  
  89  7:41  Drone x4  
  89  7:43  Zergling x4  
  97  7:55  Spire  
  97  7:57  Infestation Pit, Drone x5  
  97  7:58  Drone x3  
  103  8:20  Extractor  
  102  8:34  Hatchery  
  102  8:35  Mutalisk x6  
  102  8:36  Mutalisk x6  
  102  8:39  Corruptor  
  127  8:42  Overlord  
  127  8:55  Extractor  
  75  9:40  Drone x2  
  75  9:41  Drone x6  
  75  9:42  Drone x6  
  75  9:43  Drone x4  
  93  9:58  Zergling x10  
  91  10:38  Corruptor x6  
  91  10:39  Corruptor x6  
  91  10:40  Corruptor x2  
  119  10:51  Overlord  
  119  10:56  Hatchery  
  118  10:58  Hive  
  118  11:02  Extractor  
  118  11:03  Extractor  
  118  11:04  Drone x4  
  120  11:14  Drone x6  
  120  11:17  Drone  
  120  11:18  Drone  
  128  11:39  Corruptor  
  128  11:40  Corruptor x3  
  128  11:43  Drone x3  
  128  11:44  Drone  
  140  11:48  Drone x3  
  125  12:27  Drone x6  
  125  12:28  Drone x6  
  125  12:29  Drone x3  
  130  12:54  Corruptor x4  
  130  12:55  Corruptor x5  
  130  12:56  Corruptor  
  146  13:02  Drone x3  
  147  13:17  Corruptor x2  
  147  13:18  Corruptor  
  153  13:21  Overlord  
  153  13:26  Drone  
  153  13:27  Drone x2  
  156  13:28  Drone  
  156  13:29  Extractor  
  156  13:34  Greater Spire  
  156  13:36  Zerg Flyer Weapons Level 1  
  156  13:44  Evolution Chamber  
  155  13:57  Extractor  
  148  14:10  Zergling x10  
  148  14:11  Zergling x12  
  148  14:12  Zergling x4  
  148  14:13  Zergling x6  
  164  14:19  Overlord x3  
  149  14:57  Drone x4  
  149  14:58  Drone x6  
  157  15:00  Overlord x5  
  149  15:09  Brood Lord x7  
  149  15:10  Brood Lord x7  
  149  15:13  Overlord  
  149  15:14  Overlord x2  
  177  15:19  Zerg Melee Weapons Level 1  
  177  15:25  Evolution Chamber  
  177  15:26  Zerg Flyer Armor Level 1  
  176  15:31  Evolution Chamber  
  149  15:59  Zergling x6  
  149  16:00  Zergling x14  
  149  16:01  Zergling x4  
  161  16:15  Zergling x8  
  165  16:29  Adrenal Glands  
  146  16:57  Zergling x2  
  146  16:58  Zergling x12  
  146  16:59  Zergling x10  
  150  17:09  Zergling x4  
  128  17:34  Hatchery, Zergling x4  
  128  17:35  Zergling x12  
  134  17:43  Zergling x2  
  133  17:49  Hatchery  
  130  17:54  Hatchery  
  130  17:55  Hatchery  
  122  18:00  Extractor  
  122  18:04  Extractor  
  119  18:20  Zergling x10  
  119  18:21  Zergling x8  
  119  18:39  Zergling x4  
  114  18:43  Corruptor x2  
  109  18:56  Corruptor x2  
  105  19:31  Drone x2  
  100  19:40  Spawning Pool  
  94  20:22  Mutalisk  
  94  20:23  Mutalisk x2  
  100  20:30  Drone x3  
  99  20:36  Extractor  
  99  20:37  Extractor  
  93  20:57  Corruptor x2  
  93  20:58  Corruptor x3  
  103  21:23  Zergling x8  
  107  21:35  Drone x3  
  107  21:36  Zergling x4  
  107  21:37  Zergling x2  
  113  22:08  Zergling x12  
  117  22:09  Zergling x2  
Tags
 
Add a new tag
Caveats
  • Supply blocks, unpowered buildings, or Contaminate may cause inaccurate times.
  • Supply counts are checked every 10 seconds.